 Dungeon Sprint DCSS version 0.32-a0-685-g93135e86f0 (webtiles) character file.

Game seed: 11774955418164521245

5642 Prakerore the Prestidigitator (level 10, 4/87 HPs)
             Began as a Coglin Hunter on Mar 13, 2024.
             Was an Initiate of Gozag.
             Quit the game in the Dungeon (Sprint I: "Red Sonja").
             The game lasted 00:21:27 (3486 turns).

Prakerore the Prestidigitator (Coglin Hunter)       Turns: 3486, Time: 00:21:27

Health: 4/87       AC: 22    Str: 12    XL:     10   Next: 74%
Magic:  10/10      EV: 11    Int:  8    God:    Gozag
Gold:   25         SH:  0    Dex: 27    Spells: 9/9 levels left

rFire   . . .        a - +2 sling {Anan}
rCold   . . .        d - +0 sling {Ran}
rNeg    . . .        z - +4 shadow dragon scales of Gestures {rPois Dex+5 Stlth++++}
rPois   +            u - +0 helmet
rElec   .            A - +0 cloak {rCorr}
rCorr   +            w - +0 pair of gloves
SInv    .            (no boots)
Will    .....        (amulet unavailable)
Stlth   +++++        (ring unavailable)
HPRegen 0.34/turn    (ring unavailable)
MPRegen 0.12/turn    (no gizmo)

%: no teleportation
@: revved
A: off-hand wielding, slow wielding, warmup strikes, no jewellery
a: Invent Gizmo, Renounce Religion, Potion Petition, Call Merchant, Bribe Branch


You were in the Dungeon.
You worshipped Gozag.
Gozag was noncommittal.
You visited 1 branch You collected 3206 gold pieces.
You spent 3181 gold pieces at shops.

Inventory:

Hand Weapons
 a - a +2 sling (weapon) {Anan}
 d - a +0 sling (offhand) {Ran}
Missiles
 q - 2 curare-tipped darts
Armour
 c - a +0 leather armour
 o - a +2 robe of willpower
 u - a +0 helmet (worn)
 v - a +3 ring mail of fire resistance
 w - a +0 pair of gloves (worn)
 y - a +3 ring mail of willpower
 z - the +4 shadow dragon scales of Gestures (worn) {rPois Dex+5 Stlth++++}
   (You bought it in a shop in the Dungeon)

   Dex+5:     It affects your dexterity (+5).
   rPois:     It protects you from poison.
   Stlth++++: It makes you much more stealthy.
 A - a +0 cloak of preservation (worn)
Scrolls
 b - a scroll of butterflies
 j - 2 scrolls of blinking
 n - 2 scrolls of identify {unknown}
 p - a scroll of summoning {unknown}
 s - a scroll of enchant armour {unknown}
 C - a scroll of poison {unknown}
 G - a scroll of fog
Potions
 e - 3 potions of curing
 f - a potion of heal wounds
 g - 2 potions of haste
 h - 2 potions of magic
 i - a potion of berserk rage
 l - 2 potions of lignification
 m - 3 potions of degeneration
 t - a potion of attraction {unknown}
 B - a potion of might {unknown}
 D - a potion of invisibility
 E - a potion of resistance
 F - a potion of enlightenment
Miscellaneous
 x - a phial of floods


   Skills:
 - Level 11.0 Fighting
 - Level 12.8 Ranged Weapons
 - Level 6.0 Throwing
 + Level 6.4 Armour
 - Level 10.7 Dodging
 - Level 5.0 Stealth
 - Level 13.0 Evocations


You had 9 spell levels left.
You didn't know any spells.
Your spell library was empty.

Dungeon Overview and Level Annotations

Branches:
Dungeon (1/1)

Altars:
Cheibriados
Dithmenos
Elyvilon
Fedhas
Gozag
Hepliaklqana
Kikubaaqudgha
Makhleb
Nemelex Xobeh
Okawaru
Qazlal
Ru
Sif Muna
Trog
Uskayaw
Vehumet
Wu Jian
Xom
Yredelemnul
Zin
The Shining One
Jiyva
Lugonu

Shops:
D [*!=?*:[[[*=*!![!


Innate Abilities, Weirdness & Mutations

You can wield a second weapon in your off-hand.
It takes a long time for you to wield or remove held weapons.
Your first few attacks do less damage.
You cannot equip rings or amulets.


Message History

The sling bullet hits the demonic crawler but does no damage.
The demonic crawler is moderately wounded.
The demonic crawler hits you!
* * * LOW HITPOINT WARNING * * *
The demonic crawler hits you.
* * * LOW HITPOINT WARNING * * *
The demonic crawler hits you but does no damage.
Unknown command.
You shoot a sling bullet.
The sling bullet hits the demonic crawler.
The demonic crawler is moderately wounded.
You shoot a sling bullet.
The sling bullet hits the demonic crawler.
The demonic crawler is moderately wounded.
The demonic crawler hits you!
* * * LOW HITPOINT WARNING * * *
The demonic crawler barely misses you.
The demonic crawler closely misses you. x2
The demonic crawler hits you!
* * * LOW HITPOINT WARNING * * *
The demonic crawler hits you but does no damage.
Unknown command.
You shoot a sling bullet.
The sling bullet hits the demonic crawler!
The demonic crawler is moderately wounded.
You shoot a sling bullet.
The sling bullet hits the demonic crawler but does no damage.
The demonic crawler is moderately wounded.
The demonic crawler is no longer blind.
The demonic crawler hits you but does no damage.
The demonic crawler closely misses you. The demonic crawler hits you!
* * * LOW HITPOINT WARNING * * *
Unknown command.
Unknown command.
Okay, then.
Okay, then.
Fire: a) +2 sling {Anan}
Press: ? - help, Shift-Dir - straight line, f/p - demonic crawler
Aim: a demonic crawler (lightly wounded, 83% to hit)
Unknown command.
Are you sure you want to abandon this character and quit the game? (Confirm with "yes".)

#########################
<.#..'..#..'..#__#..'...#
..)).#..').#..'.s'..#...#
..#####'#####'#__####...sss#
..####..#...#(####§.#####s.+
..#__####.)##.#~~§..#..# ##
..#_____##'#_.§§§§.§'..#
⌠⌠#_.∩...÷).._#s§~..#..#
###_..__##_.#'##@#####'###
#_____###'#.#..§.###.'.#
###########.####'###[###.#
∩........'...'...).'.∩##.#
##++++####...###########§#
...... ###.###.......##§#
G..... #.#'#.#....[.[['.#
..#..G #.....#...######.# G
.... #.....#.....§..#§#


You could see a demonic crawler.

Vanquished Creatures
  2 centaur warriors (D)
  Sonja (D)
  A deep troll (D)
  An oklob plant (D)
  2 kobold demonologists (D)
  2 unseen horrors (D)
  2 glass eyes (D)
  A hornet (D)
  A slime creature (D)
  Sigmund (D)
  A yak (D)
  2 redbacks (D)
  An ogre (D)
  7 wights (D)
  8 jellies (D)
  Ijyb (D)
  2 ballistomycete spores (D)
36 creatures vanquished.

Notes
Turn   | Place    | Note
-------+----------+-------------------------------------------
     0 | D        | Prakerore the Coglin Hunter began the quest for the Orb.
     0 | D        | Reached XP level 1. HP: 16/16 MP: 1/1
     1 | D        | Noticed Ijyb
   116 | D        | Killed Ijyb
   117 | D        | Reached XP level 2. HP: 22/22 MP: 2/2
   117 | D        | Reached XP level 3. HP: 27/27 MP: 3/3
   120 | D        | Noticed an ogre
   232 | D        | Killed an ogre
   233 | D        | Reached skill level 8 in Evocations
   233 | D        | Reached XP level 4. HP: 33/33 MP: 4/4
   247 | D        | Noticed Sigmund
   248 | D        | Killed Sigmund
   249 | D        | Reached skill level 9 in Evocations
   249 | D        | Reached skill level 10 in Evocations
   249 | D        | Reached skill level 11 in Evocations
   249 | D        | Reached XP level 5. HP: 41/41 MP: 5/5
   249 | D        | Reached XP level 6. HP: 47/47 MP: 6/6
   263 | D        | Found an ornate altar of the Wu Jian Council.
   263 | D        | Found a shimmering blue altar of Sif Muna.
   268 | D        | Found a radiant altar of Vehumet.
   289 | D        | Found Kuaniodgh's Assorted Antiques.
   289 | D        | Found an ancient bone altar of Kikubaaqudgha.
   289 | D        | Found a hazy altar of Hepliaklqana.
   289 | D        | Found a hide-covered altar of Uskayaw.
   289 | D        | Found a basalt altar of Yredelemnul.
   289 | D        | Found an opulent altar of Gozag.
   289 | D        | Found a snail-covered altar of Cheibriados.
   289 | D        | Found a sacrificial altar of Ru.
   289 | D        | Found a shadowy altar of Dithmenos.
   289 | D        | Noticed a yak
   295 | D        | HP: 1/48 [yak (11)]
   296 | D        | Killed a yak
   297 | D        | Reached skill level 12 in Evocations
   297 | D        | Reached skill level 5 in Fighting
   472 | D        | Found a stormy altar of Qazlal.
   472 | D        | Found a blossoming altar of Fedhas.
   472 | D        | Found a bloodstained altar of Trog.
   472 | D        | Found an iron altar of Okawaru.
   472 | D        | Found a glowing golden altar of the Shining One.
   472 | D        | Found a glowing silver altar of Zin.
   472 | D        | Found a white marble altar of Elyvilon.
   473 | D        | Found a sparkling altar of Nemelex Xobeh.
   479 | D        | Became a worshipper of Gozag Ym Sagoz the Greedy
   482 | D        | Bought a runed copper wand for 100 gold pieces
   482 | D        | Bought a scroll labelled BOCLUOP VEI for 25 gold pieces
   482 | D        | Bought an embroidered robe for 92 gold pieces
   510 | D        | Found a burning altar of Makhleb.
   510 | D        | Found a viscous altar of Jiyva.
   510 | D        | Found a shimmering altar of Xom.
   510 | D        | Found a corrupted altar of Lugonu.
   510 | D        | Noticed a slime creature
   523 | D        | Killed a slime creature
   524 | D        | Reached XP level 7. HP: 45/58 MP: 7/7
   593 | D        | Noticed a kobold demonologist
   593 | D        | Noticed a glass eye
   714 | D        | Killed a glass eye
   715 | D        | Reached skill level 10 in Ranged Weapons
   715 | D        | Reached skill level 5 in Dodging
   773 | D        | Noticed a soul eater
   773 | D        | Noticed a kobold demonologist
   774 | D        | Killed a kobold demonologist
   775 | D        | Reached skill level 13 in Evocations
   775 | D        | Reached XP level 8. HP: 32/68 MP: 8/8
   780 | D        | Killed a kobold demonologist
   823 | D        | Noticed Sonja
   830 | D        | Killed Sonja
   831 | D        | Reached skill level 5 in Stealth
   831 | D        | Reached XP level 9. HP: 54/76 MP: 9/9
   912 | D        | Noticed a deep troll
   947 | D        | Found Diplumnaa's Armour Emporium.
   977 | D        | Bought a +3 ring mail of fire resistance for 364 gold
                  | pieces
   977 | D        | Bought a +0 pair of gloves for 63 gold pieces
  1026 | D        | Noticed a centaur warrior
  1026 | D        | Noticed a centaur warrior
  1039 | D        | Noticed a demonic crawler
  1039 | D        | Noticed a demonic crawler
  1039 | D        | Noticed a demonic crawler
  1039 | D        | Noticed a demonic crawler
  1133 | D        | Killed a deep troll
  1338 | D        | Found Ottoid's Armour Boutique.
  1338 | D        | Noticed a shining eye
  1338 | D        | Noticed a shining eye
  1339 | D        | Noticed a shining eye
  1493 | D        | Killed a centaur warrior
  1515 | D        | Killed a centaur warrior
  1516 | D        | Reached skill level 10 in Fighting
  1516 | D        | Reached XP level 10. HP: 11/85 MP: 10/10
  1758 | D        | Noticed an oklob plant
  2520 | D        | Killed an oklob plant
  2704 | D        | Killed an unseen horror
  2704 | D        | Killed an unseen horror
  2705 | D        | Reached skill level 10 in Dodging
  3234 | D        | Found Waobaut's Jewellery Shoppe.
  3234 | D        | Found Cyude's Distillery.
  3234 | D        | Found Puphiasm's Magic Scroll Boutique.
  3236 | D        | Found Eddurch's General Store.
  3236 | D        | Found Peshroh's Book Shop.
  3236 | D        | Found Vir Pose's Antique Armour Shoppe.
  3236 | D        | Found Zetayde's Armour Boutique.
  3236 | D        | Found Gurr's Armour Emporium.
  3236 | D        | Found Fajonim's General Store.
  3236 | D        | Found Waolaph's Jewellery Shoppe.
  3240 | D        | Found Yxios's Assorted Antiques.
  3241 | D        | Found Mity's Distillery.
  3241 | D        | Found Laomozar's Distillery.
  3242 | D        | Found Eclozxe's Distillery.
  3262 | D        | Bought faintly glowing shadow dragon scales for 1870 gold
                  | pieces
  3262 | D        | Identified the +4 shadow dragon scales of Gestures {rPois
                  | Dex+5 Stlth++++} (You bought it in a shop in the Dungeon)
  3274 | D        | Bought a +0 cloak of preservation for 126 gold pieces
  3282 | D        | Bought a green potion for 25 gold pieces
  3282 | D        | Bought a scroll labelled UBYCE MAOD for 28 gold pieces
  3282 | D        | Bought a scroll labelled BOCLUOP VEI for 28 gold pieces
  3291 | D        | Bought a potion of invisibility for 88 gold pieces
  3302 | D        | Bought a potion of resistance for 110 gold pieces
  3303 | D        | Bought a potion of enlightenment for 60 gold pieces
  3313 | D        | Bought a potion of lignification for 33 gold pieces
  3313 | D        | Bought a potion of heal wounds for 55 gold pieces
  3313 | D        | Bought a potion of heal wounds for 55 gold pieces
  3313 | D        | Bought a potion of degeneration for 11 gold pieces
  3314 | D        | Bought a scroll of fog for 48 gold pieces
  3477 | D        | HP: 4/87 [demonic crawler (12)]
  3485 | D        | HP: 4/87 [demonic crawler (7)]
  3486 | D        | Quit the game

Illustrated notes

Levels and vault maps discovered:
D:        dungeon_sprint_1 [red_sonja_temple_1, red_sonja_temple_small_1]

Skill      XL: |  1  2  3  4  5  6  7  8  9 10 |
---------------+-------------------------------+-----
Ranged Weapons | 6 8 9 10 12 | 12.8
Evocations     | 8 11 12 13 | 13.0
Stealth        | 2 4 5 |  5.0
Fighting       | 3 6 7 9 10 11 | 11.0
Dodging        | 3 4 5 6 7 10 | 10.7
Throwing       | 6 |  6.0
Armour         | 6 |  6.4

Action                     |  1- 3 |  4- 6 |  7- 9 | 10-12 || total
---------------------------+-------+-------+-------+-------++-------
   Fire: Sling             |    22 |    34 |   106 |   278 ||   440
  Evoke: Wand              |     2 |     3 |    11 |     8 ||    24
    Use: Potion            |       |       |       |     2 ||     2
 Armour: Leather armour    |     5 |     4 |       |       ||     9
         Robe              |       |     1 |     3 |       ||     4
         Ring mail         |       |       |    40 |    46 ||    86
         Shadow dragon sca |       |       |       |    46 ||    46
  Dodge: Dodged            |     6 |     6 |    26 |    46 ||    84

Table legend: (Time is in decaauts)
 A = Elapsed time spent in this place.
 B = Non-inter-level travel time spent in this place.
 C = Inter-level travel time spent in this place.
 D = Time resting spent in this place.
 E = Time spent auto-exploring this place.
 F = Levels seen in this place.
 G = Mean time per level.
                   A        B        C        D        E       F      G
               +--------+--------+--------+--------+--------+-----+--------+
         Total |   3479 |   3401 |     78 |   1978 |    532 |   1 | 3479.0 |
       Dungeon |   3479 |   3401 |     78 |   1978 |    532 |   1 | 3479.0 |
               +--------+--------+--------+--------+--------+-----+--------+

Top non-repeatable levels by time:
       D: 3479 daAuts
